 Dungeon Crawl Stone Soup version 0.19-a0-1008-g4c63d25 (webtiles) character file.

11188 HAL9000 the Bludgeoner (level 11, 0/123 HPs)
             Began as an Ogre Berserker on July 22, 2016.
             Was an Elder of Trog.
             Slain by an orc warrior
             ... wielding a +0 war axe
              (6 damage)
             ... on level 10 of the Dungeon.
             The game lasted 00:24:19 (10362 turns).

HAL9000 the Bludgeoner (Ogre Berserker)            Turns: 10362, Time: 00:24:19

Health: 0/123      AC:  6    Str: 24    XL:     11   Next: 73%
Magic:  11/11      EV:  8    Int:  6    God:    Trog [****..]
Gold:   749        SH:  0    Dex: 12    Spells: 0 memorised, 10 levels left

rFire  . . .     SeeInvis .     L - +1 giant spiked club
rCold  . . .     Gourm    .     I - +1 robe {MR+}
rNeg   . . .     Faith    .     (shield currently unavailable)
rPois  +         Spirit   .     (helmet restricted)
rElec  .         Dismiss  +     f - +1 cloak
rCorr  .         Reflect  .     (gloves unavailable)
SustAt .         Harm     .     (boots unavailable)
MR     ++++.                    y - amulet of dismissal
Stlth  +.........               r - +2 ring of slaying
                                d - ring of poison resistance

@: regenerating, studying Conjurations, incredibly resistant to hostile
enchantments, very unstealthy
A: unfitting armour, tough skin 1
a: Berserk, Trog's Hand, Brothers in Arms, Burn Spellbooks, Renounce Religion


You were on level 10 of the Dungeon.
You worshipped Trog.
Trog was greatly pleased with you.
You were near starving.

You visited 1 branch of the dungeon, and saw 10 of its levels.

You collected 749 gold pieces.

Inventory:

Hand Weapons
 L - a +1 giant spiked club (weapon)
Missiles
 B - 3 tomahawks of returning
 K - 2 tomahawks
 X - 6 large rocks (quivered)
Armour
 f - a +1 cloak (worn)
 D - a +2 shield
 I - a +1 robe of magic resistance (worn)
 J - a troll hide
 S - a +2 robe of the Archmagi
Jewellery
 d - a ring of poison resistance (left hand)
 e - an uncursed ring of positive energy
 r - a +2 ring of slaying (right hand)
 u - an uncursed ring of protection from fire
 y - an amulet of dismissal (around neck)
Wands
 x - a wand of confusion (30/48)
 F - a wand of flame (19/48)
 P - a wand of lightning (3/15)
 Q - a wand of lightning (10/15)
 V - a wand of enslavement (12/24)
 W - a wand of enslavement (10/24)
Scrolls
 m - 2 scrolls of blinking
 s - 4 scrolls of remove curse
 A - a scroll of identify
 G - a scroll of enchant armour
 N - 2 scrolls of magic mapping
 U - a scroll of enchant weapon
 Y - 2 scrolls of recharging
Potions
 k - 3 potions of agility
 o - 3 potions of brilliance
 t - a potion of haste
 C - 4 potions of curing
 O - a potion of flight
 T - a potion of berserk rage
Books
 v - a book of the Warp

   Spells                             Type                      Level
   a - Recall                         Summoning/Translocation      3
   b - Gell's Gravitas                Hexes/Translocation          3
   c - Force Lance                    Conjuration/Translocation    4
   d - Warp Weapon                    Charms/Translocation         5
   e - Summon Forest                  Summoning/Translocation      5
   Trog disapproves of the use of such an item.
 H - a manual of Conjurations Trog disapproves of the use of such an item.
 M - a book of Air

   Spells                             Type                      Level
   a - Shock                          Conjuration/Air              1
   b - Swiftness                      Charms/Air                   2
   c - Repel Missiles                 Charms/Air                   2
   d - Static Discharge               Conjuration/Air              3
   e - Lightning Bolt                 Conjuration/Air              5
   Trog disapproves of the use of such an item.
Miscellaneous
 E - a lamp of fire (inert)
 Z - a phial of floods
Comestibles
 c - 8 bread rations
 g - 7 meat rations
 j - 9 beef jerkies
 R - 6 slices of pizza


   Skills:
 + Level 12.2 Fighting
 * Level 16.7 Maces & Flails
 + Level 3.9 Throwing
 + Level 7.3 Dodging


You had 10 spell levels left.
You didn't know any spells.

Dungeon Overview and Level Annotations

Branches:
Dungeon (10/15)            Temple (0/1) D:4            Lair (0/6) D:10
    Orc (0/2) D:10

Altars:
Ashenzari
Dithmenos
Fedhas
Gozag
Makhleb
Nemelex Xobeh
Okawaru
Ru
Sif Muna
Xom
Yredelemnul
Zin
Beogh


Innate Abilities, Weirdness & Mutations

You are too large for most types of armour.
You have tough skin. (AC +1)


Message History

Unknown command.
Unknown command.
Your skin crawls.
You feel resistant to hostile enchantments.
You are near starving!
The orc warrior barely misses you. The wight closely misses you.
The orc warrior hits you with a war axe!
* * * LOW HITPOINT WARNING * * *
Unknown command.
You feel much better. The orc warrior misses you.
The orc warrior hits you from afar with a trident!
* * * LOW HITPOINT WARNING * * *
The wight hits you with a mace.
* * * LOW HITPOINT WARNING * * *
Unknown command.
Okay, then.
Okay, then.
Okay, then.
The orc warrior hits you with a war axe.
You die...

....#.# #.................#....
....#.#####.................#....
....#..P.##.................#....
#####..P.##..o..o...........#...<
.......PP##.#)####..###'##..#####
...).....##.#o...#..#....#.......
............#.oo.#o.#....#.......
............#..oo#..#....#......>
............#..z@#oo#....#.......
####...>....#....#oo#....#.......
...###......#....#.o#'####......#
.....'......#....#..............#
.....'......######..............#
.....#..........................#
.....#.........####'#oo.....##..#
.....#.........#....#...8....#..#
.....#.........#....#..o.....#.)#


You could see 3 orc warriors, a wight and 3 orcs.

Vanquished Creatures
  A stone giant (D:9)
  Josephine (D:10)
  A yaktaur captain (D:9)
  A hydra (D:9)
  A deep troll earth mage (D:9)
  A deep elf mage (D:9)
  Sigmund (D:3)
  A yak (D:10)
  A human (D:8)
  A wyvern (D:10)
  3 hungry ghosts
  A hog (D:8)
  3 wraiths
  Edmund (D:5)
  A water moccasin (D:8)
  3 orc warriors (D:10)
  An eye of draining (D:9)
  A wasp (D:10)
  2 centaurs (D:8)
  6 necrophages (D:10)
  5 ogres
  A crocodile (D:9)
  4 giant frogs
  A gnoll sergeant (D:8)
  3 scorpions
  6 killer bees
  7 wights (D:10)
  2 centaur zombies
  A crimson imp (D:7)
  A quasit (D:8)
  A gnoll shaman (D:6)
  8 orc priests
  11 hounds
  A centaur skeleton (D:7)
  An iguana (D:7)
  7 orc wizards
  4 worker ants
  3 sheep (D:8)
  A killer bee zombie (D:7)
  2 hound zombies
  2 hound skeletons
  3 mummies (D:10)
  A worker ant zombie (D:8)
  16 adders
  13 gnolls
  An ooze (D:2)
  2 adder skeletons (D:4)
  2 adder zombies (D:6)
  2 worms
  4 giant geckos
  31 orcs
  14 bats
  2 giant cockroaches
  6 goblins
  2 hobgoblins
  17 jackals
  8 quokkas
  2 ball pythons
  5 giant newts
  A jackal skeleton (D:4)
  5 kobolds
  A quokka skeleton (D:4)
  5 rats
247 creatures vanquished.

Vanquished Creatures (collateral kills)
  A griffon (D:9)
  An ugly thing (D:9)
  A kobold demonologist (D:9)
  A shadow (D:9)
4 creatures vanquished.

Vanquished Creatures (others)
  A giant gecko (D:4)
  5 fungi (D:10)
6 creatures vanquished.

Grand Total: 257 creatures vanquished

Notes
Turn   | Place    | Note
-------+----------+-------------------------------------------
     0 | D:1      | HAL9000 the Ogre Berserker began the quest for the Orb.
     0 | D:1      | Reached XP level 1. HP: 24/24 MP: 1/1
   320 | D:1      | Reached XP level 2. HP: 32/32 MP: 2/2
   724 | D:2      | Reached skill level 5 in Maces & Flails
   724 | D:2      | Reached XP level 3. HP: 38/40 MP: 3/3
   740 | D:2      | Found a blossoming altar of Fedhas.
   953 | D:2      | Reached ** piety under Trog
  1086 | D:2      | Found an opulent altar of Gozag.
  1408 | D:3      | Reached XP level 4. HP: 42/49 MP: 4/4
  1541 | D:3      | Found an iron altar of Okawaru.
  1646 | D:3      | Reached skill level 5 in Fighting
  1647 | D:3      | Reached skill level 6 in Maces & Flails
  1728 | D:3      | Noticed Sigmund
  1738 | D:3      | Killed Sigmund
  1738 | D:3      | Reached skill level 7 in Maces & Flails
  1738 | D:3      | Reached XP level 5. HP: 59/59 MP: 5/5
  1738 | D:3      | Reached XP level 6. HP: 67/67 MP: 6/6
  1827 | D:3      | Found a sacrificial altar of Ru.
  2061 | D:3      | Reached skill level 8 in Maces & Flails
  2247 | D:4      | Found a staircase to the Ecumenical Temple.
  2254 | D:4      | Reached XP level 7. HP: 76/76 MP: 7/7
  2540 | D:4      | Reached *** piety under Trog
  2540 | D:4      | Reached skill level 9 in Maces & Flails
  2904 | D:4      | Found a deep blue altar of Sif Muna.
  3285 | D:5      | Entered Level 5 of the Dungeon
  3448 | D:5      | Noticed Edmund
  3457 | D:5      | Killed Edmund
  3457 | D:5      | Reached skill level 10 in Maces & Flails
  3457 | D:5      | Reached XP level 8. HP: 88/88 MP: 8/8
  3722 | D:5      | Found a burning altar of Makhleb.
  4175 | D:6      | Reached skill level 11 in Maces & Flails
  4426 | D:6      | Reached **** piety under Trog
  4600 | D:6      | Found a basalt altar of Yredelemnul.
  5068 | D:7      | Found a shattered altar of Ashenzari.
  5464 | D:7      | Reached skill level 12 in Maces & Flails
  5510 | D:7      | Found a glowing silver altar of Zin.
  5565 | D:7      | Found a shimmering altar of Xom.
  5738 | D:8      | Reached XP level 9. HP: 87/98 MP: 9/9
  6185 | D:8      | Reached skill level 13 in Maces & Flails
  6759 | D:8      | Reached skill level 10 in Fighting
  7106 | D:9      | Reached ***** piety under Trog
  7189 | D:9      | Found a sparkling altar of Nemelex Xobeh.
  7256 | D:9      | Reached skill level 5 in Dodging
  7256 | D:9      | Reached XP level 10. HP: 110/110 MP: 10/10
  7346 | D:9      | Noticed a deep elf mage
  7352 | D:9      | Noticed a brown ugly thing
  7358 | D:9      | Noticed a kobold demonologist
  7361 | D:9      | Killed a deep elf mage
  7361 | D:9      | Reached skill level 14 in Maces & Flails
  7363 | D:9      | Noticed a griffon
  7403 | D:9      | Killed a brown ugly thing
  7408 | D:9      | HP: 5/166 [griffon (9)]
  7409 | D:9      | Killed a griffon
  7412 | D:9      | Killed a kobold demonologist
  7817 | D:9      | Noticed a stone giant
  7817 | D:9      | Noticed an eight-headed hydra
  7831 | D:9      | Killed a stone giant
  7831 | D:9      | Reached skill level 15 in Maces & Flails
  8235 | D:9      | Killed an eight-headed hydra
  8292 | D:9      | Noticed a yaktaur captain
  8292 | D:9      | Noticed a deep troll earth mage
  8482 | D:9      | Found a shadowy altar of Dithmenos.
  8677 | D:9      | Killed a yaktaur captain
  8677 | D:9      | Reached skill level 1 in Throwing
  8677 | D:9      | Reached XP level 11. HP: 65/123 MP: 11/11
  8969 | D:9      | Killed a deep troll earth mage
  8998 | D:9      | Got a translucent buckler
  9049 | D:10     | Entered Level 10 of the Dungeon
  9049 | D:10     | Found a staircase to the Lair.
  9053 | D:10     | Noticed Josephine
  9065 | D:9      | Reached skill level 16 in Maces & Flails
 10175 | D:10     | Killed Josephine
 10277 | D:10     | Found a roughly hewn altar of Beogh.
 10277 | D:10     | Found a staircase to the Orcish Mines.
 10360 | D:10     | HP: 2/121 [orc warrior/war axe (14)]
 10362 | D:10     | Slain by an orc warrior

Vault maps used:
D:1:      evilmike_arrival_run_for_it
D:2:      nicolae_overflow_hidden_temple, lemuel_coloured_pillars_altar
D:3:      okawaru_ov_weapons_minmay, st_stairs_9,
          nicolae_ru_great_annihilating_truth, uniq_sigmund
D:4:      nicolae_overflow_crystal_walls, lemuel_old_faithful
D:5:      makhleb_heckhound_becter, first_bread, uniq_edmund
D:6:      overflow_temple_1_default, minmay_misc_feat_encased, nrook_uturn
D:7:      zin_statuary, ashenzari_conservatory_becter, kennysheep_little_box,
          hangedman_decor_slide_cut, minmay_misc_feat_iff
D:8:      grunt_livestock, minmay_misc_feat_room, due_unseen_surprise
D:9:      minmay_sliced_demisemicircle, overflow_temple_1_default,
          grunt_dithmenos_smoke
D:10:     due_lair_maze_entry_diamond, david_orc_5, serial_undead,
          serial_undead_f, serial_undead_d, serial_undead_b, serial_undead_d,
          serial_undead_b, serial_undead_e, serial_undead_d, uniq_josephine

Skill      XL: |  1  2  3  4  5  6  7  8  9 10 11 |
---------------+----------------------------------+-----
Maces & Flails | 5 7 8 10 12 13 15 16 | 16.7
Fighting       | 6 7 9 10 11 12 | 12.2
Dodging        | 3 5 6 7 |  7.3
Throwing       | 1 3 |  3.9

Action                   |  1- 3 |  4- 6 |  7- 9 | 10-12 || total
-------------------------+-------+-------+-------+-------++-------
Melee: Mace              |    88 |    78 |     2 |       ||   168
       Flail             |       |       |    85 |       ||    85
       Dire flail        |       |       |   293 |    37 ||   330
       Giant spiked club |       |       |     8 |   186 ||   194
Invok: Berserk           |       |     3 |     5 |     8 ||    16
       Trog's Hand       |       |       |     1 |     7 ||     8
       Brothers in Arms  |       |       |       |     2 ||     2
Evoke: Wand              |       |       |     2 |       ||     2
       Lamp of fire      |       |       |       |     1 ||     1
  Use: Scroll            |       |       |    22 |     3 ||    25
       Potion            |       |       |       |     1 ||     1
 Stab: Sleeping          |       |     1 |     2 |       ||     3
       Paralysed         |       |     1 |       |       ||     1
  Eat: Chunk             |     1 |     5 |    24 |     9 ||    39
       Fruit             |       |       |     2 |    11 ||    13
       Pizza             |       |       |     1 |       ||     1
       Royal jelly       |       |       |       |     1 ||     1
Armor: Animal skin       |    39 |    34 |    62 |       ||   135
       Robe              |       |       |       |    51 ||    51
Dodge: Dodged            |    58 |    42 |   158 |   178 ||   436
